 Dungeon Crawl Stone Soup version 0.21-a0-216-g6d3fd91 (webtiles) character file.

967 Lavandula the Chiller (level 8, 0/57 HPs)
             Began as a Ghoul Ice Elementalist on Aug 23, 2017.
             Was a Follower of Ashenzari.
             Slain by a gargoyle
             ... wielding a +0 morningstar
              (19 damage)
             ... on level 7 of the Dungeon.
             The game lasted 00:21:38 (2320 turns).

Lavandula the Chiller (Ghoul Ice Elementalist)      Turns: 2320, Time: 00:21:39

Health: 0/57       AC:  4    Str: 12    XL:     8   Next: 15%
Magic:  10/14      EV: 12    Int: 12    God:    Ashenzari [*.....]
Gold:   242        SH:  0    Dex:  9    Spells: 2/17 levels left

rFire    . . .     SeeInvis .   l - +2 whip (elec) (curse)
rCold    + . .     Gourm    .   (no shield)
rNeg     + + +     Faith    .   a - +0 robe
rPois    ∞         Spirit   .   (no helmet)
rElec    .         Reflect  .   (no cloak)
rCorr    .         Harm     .   i - +0 pair of gloves
MR       .....                  p - +0 pair of boots
Stlth    ++........             (no amulet)
HPRegen  0.00/turn              (no ring)
MPRegen  0.14/turn              (no ring)

@: very slightly contaminated, rotting
A: rotting body, claws 1, carnivore 3, cold resistance 1, negative energy
resistance 3, inhibited regeneration, torment resistance, unbreathing
a: Curse Item, Scrying, Renounce Religion


You were on level 7 of the Dungeon.
You worshipped Ashenzari.
Ashenzari was aware of your devotion.
You were not hungry.

You visited 1 branch of the dungeon, and saw 7 of its levels.

You collected 242 gold pieces.

Inventory:

Hand Weapons
 l - a cursed +2 whip of electrocution (weapon)
Armour
 a - a +0 robe (worn)
 i - a +0 pair of gloves (worn)
 j - a +0 ring mail
 p - a +0 pair of boots (worn)
Scrolls
 d - 3 scrolls of remove curse
 e - a scroll of blinking {unknown}
 g - 2 scrolls of recharging
 h - a scroll of summoning
 k - a scroll of magic mapping
 m - a scroll of amnesia {unknown}
 o - a scroll of enchant weapon {unknown}
 q - a scroll of immolation
 s - a scroll of fear {unknown}
 t - a scroll of enchant armour {unknown}
Potions
 r - 2 potions of magic
 u - a potion of might
 v - a potion of curing {unknown}
Books
 b - a book of Frost

   Spells                             Type                      Level
   a - Freeze                         Ice                          1
   b - Throw Frost                    Conjuration/Ice              2
   c - Ozocubu's Armour               Charms/Ice                   3
   d - Throw Icicle                   Conjuration/Ice              4
   e - Summon Ice Beast               Ice/Summoning                4
 n - a book of Callings

   Spells                             Type                      Level
   a - Summon Small Mammal            Summoning                    1
   b - Call Imp                       Summoning                    2
   c - Call Canine Familiar           Summoning                    3
   d - Summon Guardian Golem          Hexes/Summoning              3
   e - Summon Lightning Spire         Summoning/Air                4
   f - Summon Ice Beast               Ice/Summoning                4
Comestibles
 c - 4 meat rations
 f - 5 chunks of flesh


   Skills:
 - Level 2.6 Maces & Flails
 - Level 1.8 Dodging
 - Level 2.1 Stealth
 - Level 0.4 Unarmed Combat
 - Level 5.2 Spellcasting
   Level 0.7 Conjurations
 - Level 1.7 Charms
 + Level 3.2 Summonings
 - Level 5.4 Ice Magic


You had 2 spell levels left.
You knew the following spells:

 Your Spells              Type           Power        Failure   Level  Hunger
a - Freeze                Ice            ###.         1%          1    None
b - Ozocubu's Armour      Chrm/Ice       ##......     13%         3    ###....
c - Summon Ice Beast      Ice/Summ       ##......     32%         4    ####...
d - Call Canine Familiar  Summ           ##......     16%         3    ###....
e - Summon Lightning Spi  Summ/Air       #.......     69%         4    ####...


Dungeon Overview and Level Annotations

Branches:
Dungeon (7/15)             Temple (0/1) D:7

Altars:
Ashenzari
Dithmenos
Okawaru
Qazlal
Trog
Uskayaw

Annotations:
D:2 Natasha


Innate Abilities, Weirdness & Mutations

Your body is rotting away.
You thrive on raw meat.
You are immune to poison.
You have sharp fingernails.
You are carnivorous and can eat meat at any time.
Your flesh is cold resistant. (rC+)
You are immune to negative energy. (rN+++)
You do not regenerate when monsters are visible.
You are immune to unholy pain and torment.
You can survive without breathing.


Message History

The gargoyle hurls a stone arrow at you.
The stone arrow hits you!
Unknown command.
The gargoyle hurls a stone arrow at you.
The stone arrow hits you!
As you read the scroll labeled JAK HATRORA, it crumbles to dust.
The creatures around you are filled with an inner flame!
It was a scroll of immolation.
It was a potion of magic.
Magic courses through your body.
Okay, then.
Okay, then.
You aren't carrying any items that you can evoke.
Unknown command.
Casting: Call Canine Familiar
Confirm with . or Enter, or press ? or * to list all spells.
You miscast Summon Ice Beast.
You are very lightly contaminated with residual magic.
Frost spreads across the the floor.
The gargoyle hits you with a morningstar!!
You die...

.# .#
#########.# ...
..........#....
...............
#.....9.%.#
#.#### #....#
######.######
.........9@..#
#######.####.#
..=# #.# #....
#.# #.... #.#
..... #.#
....... #.#
..#### #.# #.#


You could see a gargoyle (inner flame).

Vanquished Creatures
  An ice beast (D:5)
  A sky beast (D:7)
  2 centaurs
  A howler monkey (D:4)
  A centaur skeleton (D:4)
  2 hounds
  An orc wizard (D:3)
  A bullfrog skeleton (D:4)
  An iguana (D:5)
  5 worker ants
  An adder (D:4)
  2 shadow imps
  4 adder skeletons
  A worm (D:5)
  A dart slug (D:5)
  3 leopard geckos
  10 orcs
  7 bats
  4 goblins
  3 hobgoblins (D:3)
  5 jackals
  3 quokkas
  2 ball pythons
  3 frilled lizards
  A kobold (D:2)
  3 rats (D:3)
69 creatures vanquished.

Vanquished Creatures (collateral kills)
  Sigmund (D:6)
  Eustachio (D:6)
  A phantom (D:6)
  4 orcs (D:6)
7 creatures vanquished.

Grand Total: 76 creatures vanquished

Notes
Turn   | Place    | Note
-------+----------+-------------------------------------------
     0 | D:1      | Lavandula the Ghoul Ice Elementalist began the quest for the Orb.
     0 | D:1      | Reached XP level 1. HP: 14/14 MP: 2/2
   144 | D:2      | Noticed Natasha
   177 | D:2      | Reached XP level 2. HP: 16/20 MP: 2/4
   272 | D:2      | Found a stormy altar of Qazlal.
   419 | D:3      | Reached skill level 1 in Maces & Flails
   419 | D:3      | Reached XP level 3. HP: 26/26 MP: 0/5
   563 | D:3      | Reached XP level 4. HP: 25/33 MP: 3/6
   591 | D:3      | Found an iron altar of Okawaru.
   620 | D:3      | Learned a level 3 spell: Ozocubu's Armour
   668 | D:3      | Found a shattered altar of Ashenzari.
   676 | D:3      | Became a worshipper of Ashenzari the Shackled
   880 | D:4      | Reached XP level 5. HP: 30/38 MP: 7/7
  1063 | D:4      | HP: 1/38 [howler monkey (6)]
  1104 | D:4      | Learned a level 4 spell: Summon Ice Beast
  1223 | D:4      | Reached skill level 1 in Charms
  1239 | D:4      | Reached XP level 6. HP: 16/45 MP: 0/9
  1369 | D:5      | Entered Level 5 of the Dungeon
  1586 | D:5      | Noticed an ice beast
  1601 | D:5      | Killed an ice beast
  1601 | D:5      | Reached skill level 5 in Ice Magic
  1636 | D:5      | Reached skill level 1 in Summonings
  1636 | D:5      | Reached XP level 7. HP: 17/50 MP: 8/10
  1663 | D:5      | Learned a level 3 spell: Call Canine Familiar
  1666 | D:5      | Found a hide-covered altar of Uskayaw.
  1698 | D:5      | Found a shadowy altar of Dithmenos.
  1721 | D:6      | Found a bloodstained altar of Trog.
  1730 | D:6      | Noticed Sigmund
  1911 | D:6      | Noticed Eustachio
  1936 | D:6      | Killed Eustachio
  1991 | D:6      | Reached * piety under Ashenzari
  2055 | D:6      | Killed Sigmund
  2119 | D:6      | Reached skill level 5 in Spellcasting
  2119 | D:6      | Reached XP level 8. HP: 50/57 MP: 2/14
  2125 | D:6      | Learned a level 4 spell: Summon Lightning Spire
  2257 | D:7      | Found a staircase to the Ecumenical Temple.
  2309 | D:7      | Noticed a gargoyle
  2320 | D:7      | Slain by a gargoyle

Vault maps used:
D:1:      ncdulo_smallfort, serial_bayou_pond_e, st_stairs_1,
          serial_bayou_pond_d
D:2:      grunt_decor_mini_mirrors, grunt_qazlal_sundering, uniq_natasha
D:3:      cheibrodos_ashenzari_chains, serial_forest, infiniplex_forest_end_3,
          infiniplex_forest_straight_2, infiniplex_forest_lined_2,
          infiniplex_forest_straight_2, infiniplex_forest_corner_1,
          infiniplex_forest_zigzag_1, serial_bayou_lagoon_a,
          okawaru_metal_pillars_1_2
D:5:      overflow_temple_1_default, nicolae_overflow_hidden_temple,
          first_bread, dk_vineyard_3, nemelex_spade_bored_becter
D:6:      bloody_trog, uniq_eustachio, uniq_sigmund
D:7:      minmay_temple_entry_poolview, uniq_duvessa

Skill      XL: |  1  2  3  4  5  6  7  8 |
---------------+-------------------------+-----
Spellcasting   | 2 3 5 |  5.2
Ice Magic      | 4 5 |  5.4
Maces & Flails | 1 2 |  2.6
Charms         | 1 |  1.7
Summonings     | 1 2 3 |  3.2
Dodging        | |  1.8
Stealth        | |  2.1
Unarmed Combat | |  0.4
Conjurations   | |  0.7

Action                   |  1- 3 |  4- 6 |  7- 9 || total
-------------------------+-------+-------+-------++-------
Melee: Unarmed           |    18 |       |       ||    18
       Whip              |    13 |    88 |    73 ||   174
 Cast: Freeze            |    30 |    31 |    12 ||    73
       Ozocubu's Armour  |       |     2 |       ||     2
       Call Canine Famil |       |       |     7 ||     7
       Summon Ice Beast  |       |       |     6 ||     6
Invok: Curse Item        |       |     1 |       ||     1
  Use: Scroll            |     3 |     3 |     1 ||     7
       Potion            |       |     2 |     1 ||     3
 Stab: Sleeping          |     1 |     1 |     1 ||     3
       Distracted        |       |       |     1 ||     1
  Eat: Chunk             |     9 |    10 |    19 ||    38
Armor: Robe              |    12 |    17 |    11 ||    40
Dodge: Dodged            |    35 |    64 |    47 ||   146

Table legend:
 A = Spawn XP
 B = Non-spawn XP
 C = Spawn XP percentage of total XP
 D = Spawn monster count
 E = Non-spawn monster count
 F = Spawn count percentage of total count
 G = Total turns spent on level
                    A         B        C        D         E        F      G
               +---------+---------+-------+---------+---------+-------+---------
         Total |      34 |    1348 |   2.5 |       2 |      74 |   2.6 |  2320
               +---------+---------+-------+---------+---------+-------+---------
           D:1 |       0 |       7 |   0.0 |       0 |       5 |   0.0 |   102
           D:2 |       0 |      11 |   0.0 |       0 |       7 |   0.0 |   181
           D:3 |      34 |      83 |  29.1 |       2 |      20 |   9.1 |   478
           D:4 |       0 |     208 |   0.0 |       0 |      13 |   0.0 |   656
           D:5 |       0 |     365 |   0.0 |       0 |      10 |   0.0 |   315
           D:6 |       0 |     529 |   0.0 |       0 |      14 |   0.0 |   457
           D:7 |       0 |     145 |   0.0 |       0 |       5 |   0.0 |   131
               +---------+---------+-------+---------+---------+-------+---------
